MID
HARTFORD YARD GOATS @ ATLANTA (MID) BRAVES
08/21/2048
 
TOP OF THE 1ST
Hartford Yard Goats batting - Pitching for Atlanta (MID) Braves : LHP Jake Warwick
Pitching: LHP Jake Warwick
Batting: RHB Ray Insley 0-0: Foul Ball, location: 2F
0-1: Swinging Strike
0-2: Ball
1-2: Ball
2-2: Fly out, F7 (Flyball, 7D, EV 101.9 MPH)
Batting: LHB Mick Tucker 0-0: Called Strike
0-1: Ground out 4-3 (Groundball, 4, EV 81.9 MPH)
Batting: RHB John Corfield 0-0: Ball
1-0: Ball
2-0: Called Strike
2-1: Ball
3-1: Foul Ball, location: 2F
3-2: Strikes out looking
Top of the 1st over - 0 runs, 0 hits, 0 errors, 0 left on base; Hartford 0 - Atlanta (MID) 0
BOTTOM OF THE 1ST
Atlanta (MID) Braves batting - Pitching for Hartford Yard Goats : LHP Domenic Wells
Pitching: LHP Domenic Wells
Batting: RHB Chris Trites 0-0: Ball
1-0: Swinging Strike
1-1: Foul Ball, location: 2F
1-2: Ground out 6-3 (Groundball, 6M, EV 99.4 MPH)
Batting: RHB Toki Takeuchi 0-0: Ball
1-0: Ball
2-0: Ball
3-0: Swinging Strike
3-1: Base on Balls
Batting: RHB Josh McCormick 0-0: Called Strike
0-1: Ball
1-1: Ball
2-1: Ball
3-1: Ground out 6-3 (Groundball, 56D, EV 106.2 MPH)
Toki Takeuchi to second
Batting: LHB Oke Monti 0-0: Ball
1-0: Called Strike
1-1: Called Strike
1-2: Foul Ball, location: 2F
1-2: Ball
2-2: 2-RUN HOME RUN (Flyball, 9LD, EV 96.2 MPH), Distance : 346 ft
Batting: RHB Nick Holsinger 0-0: Foul Ball, location: 2F
0-1: Foul Ball, location: 2F
0-2: Ball
1-2: Foul Ball, location: 2F
1-2: Foul Ball, location: 2F
1-2: Ball
2-2: Foul Ball, location: 2F
2-2: Ball
3-2: Base on Balls
Batting: SHB Richello Badua 0-0: Called Strike
0-1: Swinging Strike
0-2: Strikes out looking
Bottom of the 1st over - 2 runs, 1 hit, 0 errors, 1 left on base; Hartford 0 - Atlanta (MID) 2
TOP OF THE 2ND
Hartford Yard Goats batting - Pitching for Atlanta (MID) Braves : LHP Jake Warwick
Batting: SHB Brad Madden 0-0: Foul Ball, location: 2F
0-1: Foul Ball, location: 2F
0-2: Strikes out swinging
Batting: RHB Juan Gallardo 0-0: Ball
1-0: Ball
2-0: Foul Ball, location: 2F
2-1: Called Strike
2-2: Ball
3-2: SINGLE (Flyball, 5D, EV 95.6 MPH)
Batting: SHB Craig Ruzic 0-0: Ball
1-0: Ball
2-0: Called Strike
2-1: Fielders Choice at 2nd, 6-4 (Groundball, 6, EV 100.6 MPH)
Batting: LHB Tom Bemis 0-0: Ball
1-0: Swinging Strike
1-1: Foul Ball, location: 2F
1-2: Strikes out swinging
Top of the 2nd over - 0 runs, 1 hit, 0 errors, 1 left on base; Hartford 0 - Atlanta (MID) 2
BOTTOM OF THE 2ND
Atlanta (MID) Braves batting - Pitching for Hartford Yard Goats : LHP Domenic Wells
Batting: LHB Ryan Murdock 0-0: Ball
1-0: Swinging Strike
1-1: Called Strike
1-2: Ball
2-2: Ground out 5-3 (Groundball, 56, EV 102.5 MPH)
Batting: LHB Joe Phillips 0-0: Ball
1-0: Called Strike
1-1: Ball
2-1: Swinging Strike
2-2: SINGLE (Groundball, 56, EV 98.1 MPH)
Batting: RHB Phil Holman 0-0: Ball
1-0: Foul Ball, location: 2F
1-1: Ball
2-1: Ball
3-1: Swinging Strike
3-2: Strikes out swinging
Batting: RHB Chris Trites 0-0: Called Strike
0-1: TRIPLE (Flyball, 89XD, EV 106.9 MPH)
Joe Phillips scores
Batting: RHB Toki Takeuchi 0-0: Foul Ball, location: 2F
0-1: Ball
1-1: Called Strike
1-2: Fly out, F9 (Flyball, 89M, EV 90.6 MPH)
Bottom of the 2nd over - 1 run, 2 hits, 0 errors, 1 left on base; Hartford 0 - Atlanta (MID) 3
TOP OF THE 3RD
Hartford Yard Goats batting - Pitching for Atlanta (MID) Braves : LHP Jake Warwick
Batting: RHB Ighlas Mwara 0-0: Ball
1-0: Ball
2-0: SINGLE (Groundball, 34D, EV 103.1 MPH)
Batting: RHB Gashie Chimsima 0-0: Fielders Choice at 2nd, 1-6 (Groundball, 13S, EV 70.0 MPH)
Batting: RHB Ray Insley 0-0: Called Strike
Gashie Chimsima is caught stealing 2nd base 2-4
0-1: Fly out, F6 (Line Drive, 6, EV 69.4 MPH)
Top of the 3rd over - 0 runs, 1 hit, 0 errors, 0 left on base; Hartford 0 - Atlanta (MID) 3
BOTTOM OF THE 3RD
Atlanta (MID) Braves batting - Pitching for Hartford Yard Goats : LHP Domenic Wells
Batting: RHB Josh McCormick 0-0: Ball
1-0: Foul Ball, location: 2F
1-1: Ball
2-1: Foul Ball, location: 2F
2-2: Ball
3-2: Base on Balls
Batting: LHB Oke Monti 0-0: Called Strike
0-1: Ball
1-1: Ball
2-1: Ball
3-1: SINGLE (Groundball, 34D, EV 100.6 MPH)
Josh McCormick to second
Runner from 2nd tries for 3rd, SAFE, throw by RF made to third
Batting: RHB Nick Holsinger 0-0: Foul Ball, location: 2F
0-1: Swinging Strike
0-2: Grounds into double play, 3-6-1 (Groundball, 3, EV 85.6 MPH)
Josh McCormick scores
Batting: SHB Richello Badua 0-0: Ball
1-0: Ball
2-0: Ball
3-0: Called Strike
3-1: SINGLE (Groundball, 56S, EV 68.8 MPH) (infield hit)
Batting: LHB Ryan Murdock 0-0: Called Strike
0-1: Ball
1-1: Ball
2-1: Foul Ball, location: 2F
2-2: Foul Ball, location: 2F
2-2: Hit by Pitch
Richello Badua to second
Batting: LHB Joe Phillips 0-0: Ground out 5-3 (Groundball, 56S, EV 68.8 MPH)
Bottom of the 3rd over - 1 run, 2 hits, 0 errors, 2 left on base; Hartford 0 - Atlanta (MID) 4
TOP OF THE 4TH
Hartford Yard Goats batting - Pitching for Atlanta (MID) Braves : LHP Jake Warwick
Batting: LHB Mick Tucker 0-0: Called Strike
0-1: Foul Ball, location: 2F
0-2: Ball
1-2: SOLO HOME RUN (Flyball, 9D, EV 98.8 MPH), Distance : 368 ft
Batting: RHB John Corfield 0-0: Foul Ball, location: 2F
0-1: Foul Ball, location: 2F
0-2: Ball
1-2: Ball
2-2: Ground out 6-3 (Groundball, 6, EV 83.8 MPH)
Batting: SHB Brad Madden 0-0: Ball
1-0: Fly out, F8 (Flyball, 89D, EV 103.1 MPH)
Batting: RHB Juan Gallardo 0-0: Called Strike
0-1: Foul Ball, location: 2F
0-2: Ball
1-2: Ball
2-2: Ball
3-2: Ground out 5-3 (Groundball, 56S, EV 82.5 MPH)
Top of the 4th over - 1 run, 1 hit, 0 errors, 0 left on base; Hartford 1 - Atlanta (MID) 4
BOTTOM OF THE 4TH
Atlanta (MID) Braves batting - Pitching for Hartford Yard Goats : LHP Domenic Wells
Batting: RHB Phil Holman 0-0: Fly out, F9 (Flyball, 9, EV 86.2 MPH)
Batting: RHB Chris Trites 0-0: Ball
1-0: Ball
2-0: SINGLE (Groundball, 4MS, EV 68.8 MPH) (infield hit)
Pitching: RHP Gorgonio Sigua
Batting: RHB Toki Takeuchi 0-0: Called Strike
Chris Trites steals 2nd, throwing error, E2
Chris Trites to third
0-1: Ball
1-1: Called Strike
1-2: Ball
2-2: Fly out, F8 (Flyball, 8RM, EV 81.9 MPH)
Batting: RHB Josh McCormick 0-0: Fly out, F7 (Flyball, 7, EV 84.4 MPH)
Bottom of the 4th over - 0 runs, 1 hit, 1 error, 1 left on base; Hartford 1 - Atlanta (MID) 4
TOP OF THE 5TH
Hartford Yard Goats batting - Pitching for Atlanta (MID) Braves : LHP Jake Warwick
Batting: SHB Craig Ruzic 0-0: Called Strike
0-1: Ball
1-1: Ball
2-1: Foul Ball, location: 2F
2-2: Ground out U3 (Groundball, 34S, EV 81.2 MPH)
Batting: LHB Tom Bemis 0-0: Ball
1-0: Ball
2-0: SOLO HOME RUN (Flyball, 89XD, EV 103.1 MPH), Distance : 424 ft
Batting: RHB Ighlas Mwara 0-0: Ball
1-0: Swinging Strike
1-1: Swinging Strike
1-2: Foul Ball, location: 2F
1-2: Ball
2-2: Foul Ball, location: 2F
2-2: Ball
3-2: Strikes out looking
Batting: RHB Gashie Chimsima 0-0: Ground out 3-1 (Groundball, 34, EV 78.8 MPH)
Top of the 5th over - 1 run, 1 hit, 0 errors, 0 left on base; Hartford 2 - Atlanta (MID) 4
BOTTOM OF THE 5TH
Atlanta (MID) Braves batting - Pitching for Hartford Yard Goats : RHP Gorgonio Sigua
Batting: LHB Oke Monti 0-0: Ball
1-0: Ball
2-0: Ball
3-0: TRIPLE (Flyball, 78XD, EV 97.5 MPH)
Batting: RHB Nick Holsinger 0-0: Ball
1-0: Ball
2-0: Ball
3-0: Called Strike
3-1: Foul Ball, location: 2F
3-2: Base on Balls
Batting: SHB Richello Badua 0-0: Called Strike
0-1: Swinging Strike
0-2: Ball
1-2: Ball
2-2: Ball
3-2: Strikes out swinging
Batting: LHB Ryan Murdock 0-0: Ball
1-0: Ball
2-0: Called Strike
2-1: Ball
3-1: Base on Balls
Nick Holsinger to second
Pitching: RHP Zi-cheng Zhou
Batting: LHB Joe Phillips 0-0: Foul Ball, location: 2F
0-1: Ball
1-1: Swinging Strike
1-2: Foul Ball, location: 2F
1-2: Fly out, F7 (Line Drive, 7S, EV 93.1 MPH)
Batting: RHB Phil Holman 0-0: Ball
1-0: Swinging Strike
1-1: Fielders Choice at 2nd, 6-4 (Groundball, 4M, EV 87.5 MPH)
Bottom of the 5th over - 0 runs, 1 hit, 0 errors, 3 left on base; Hartford 2 - Atlanta (MID) 4
TOP OF THE 6TH
Hartford Yard Goats batting - Pitching for Atlanta (MID) Braves : LHP Jake Warwick
Batting: RHB Ray Insley 0-0: Ball
1-0: Swinging Strike
1-1: Foul Ball, location: 2F
1-2: Ball
2-2: Ball
3-2: Base on Balls
Batting: LHB Mick Tucker 0-0: Ball
1-0: Called Strike
1-1: Fielders Choice at 2nd, 1-6 (Groundball, 34S, EV 65.0 MPH)
Batting: RHB John Corfield 0-0: 2-RUN HOME RUN (Flyball, 7D, EV 99.4 MPH), Distance : 372 ft
Batting: SHB Brad Madden 0-0: Foul Ball, location: 2F
0-1: Ball
1-1: Fly out, F8 (Flyball, 8LS, EV 95.6 MPH)
Batting: RHB Juan Gallardo 0-0: Called Strike
0-1: Swinging Strike
0-2: SOLO HOME RUN (Flyball, 78XD, EV 99.4 MPH), Distance : 395 ft
Pitching: RHP Jeremy Armstrong
Batting: SHB Craig Ruzic 0-0: Called Strike
0-1: Ball
1-1: Called Strike
1-2: Ball
2-2: Strikes out swinging
Top of the 6th over - 3 runs, 2 hits, 0 errors, 0 left on base; Hartford 5 - Atlanta (MID) 4
BOTTOM OF THE 6TH
Atlanta (MID) Braves batting - Pitching for Hartford Yard Goats : RHP Zi-cheng Zhou
Batting: RHB Chris Trites 0-0: Called Strike
0-1: Ball
1-1: Swinging Strike
1-2: Foul Ball, location: 2F
1-2: Strikes out swinging
Batting: RHB Toki Takeuchi 0-0: Fly out, F9 (Line Drive, 9S, EV 95.6 MPH)
Batting: RHB Josh McCormick 0-0: Ball
1-0: Ball
2-0: SOLO HOME RUN (Line Drive, 78XD, EV 108.1 MPH), Distance : 405 ft
Batting: LHB Oke Monti 0-0: Ball
1-0: Called Strike
1-1: Ball
2-1: Foul Ball, location: 2F
2-2: Fly out, F9 (Flyball, 9LM, EV 93.8 MPH)
Bottom of the 6th over - 1 run, 1 hit, 0 errors, 0 left on base; Hartford 5 - Atlanta (MID) 5
TOP OF THE 7TH
Hartford Yard Goats batting - Pitching for Atlanta (MID) Braves : RHP Jeremy Armstrong
Batting: LHB Tom Bemis 0-0: Foul Ball, location: 2F
0-1: Foul Ball, location: 2F
0-2: Strikes out swinging
Pinch Hitting: SHB Ken Griffey IV 0-0: Called Strike
0-1: Called Strike
0-2: Foul Ball, location: 2F
0-2: Strikes out swinging
Batting: RHB Gashie Chimsima 0-0: Called Strike
0-1: Ball
1-1: Called Strike
1-2: SINGLE (Flyball, 89S, EV 91.2 MPH)
Batting: RHB Ray Insley 0-0: Ball
1-0: Ground out 5-3 (Groundball, 15, EV 83.1 MPH)
Top of the 7th over - 0 runs, 1 hit, 0 errors, 1 left on base; Hartford 5 - Atlanta (MID) 5
BOTTOM OF THE 7TH
Atlanta (MID) Braves batting - Pitching for Hartford Yard Goats : RHP Zi-cheng Zhou
Pitching: RHP Tanner Brazeal
Now in CF: Ken Griffey IV
Batting: RHB Nick Holsinger 0-0: Called Strike
0-1: Ball
1-1: Ball
2-1: Swinging Strike
2-2: Ball
3-2: Foul Ball, location: 2F
3-2: Base on Balls
Batting: SHB Richello Badua 0-0: Bunted foul
0-1: Sac Bunt to 15 - play at first, batter OUT! 1-3
Nick Holsinger to second
Batting: LHB Ryan Murdock 0-0: Ground out 6-3 (Groundball, 6, EV 103.1 MPH)
Batting: LHB Joe Phillips 0-0: Foul Ball, location: 2F
0-1: Ground out U3 (Groundball, 3, EV 103.8 MPH)
Bottom of the 7th over - 0 runs, 0 hits, 0 errors, 1 left on base; Hartford 5 - Atlanta (MID) 5
TOP OF THE 8TH
Hartford Yard Goats batting - Pitching for Atlanta (MID) Braves : RHP Jeremy Armstrong
Pitching: RHP Ioakim Mozgo
Batting: LHB Mick Tucker 0-0: Ball
1-0: Ball
2-0: Ground out 4-3 (Groundball, 4, EV 108.8 MPH)
Batting: RHB John Corfield 0-0: Ball
1-0: Swinging Strike
1-1: Foul Ball, location: 2F
1-2: Ball
2-2: Strikes out swinging
Batting: SHB Brad Madden 0-0: Ball
1-0: Ball
2-0: SINGLE (Line Drive, 3D, EV 105.0 MPH)
Batting: RHB Juan Gallardo 0-0: Ball
1-0: Ball
2-0: Swinging Strike
2-1: Called Strike
2-2: Strikes out swinging
Top of the 8th over - 0 runs, 1 hit, 0 errors, 1 left on base; Hartford 5 - Atlanta (MID) 5
BOTTOM OF THE 8TH
Atlanta (MID) Braves batting - Pitching for Hartford Yard Goats : RHP Tanner Brazeal
Pinch Hitting: LHB Malik Boulay 0-0: Called Strike
0-1: Ball
1-1: Swinging Strike
1-2: Fly out, F7 (Flyball, 7S, EV 74.4 MPH)
Batting: RHB Chris Trites 0-0: Ball
1-0: Foul Ball, location: 2F
1-1: Ball
2-1: SINGLE (Flyball, 6MD, EV 90.6 MPH)
Batting: RHB Toki Takeuchi 0-0: Called Strike
0-1: Ball
1-1: DOUBLE (Groundball, 5L, EV 101.2 MPH)
Chris Trites to third
Batting: RHB Josh McCormick 0-0: Called Strike
0-1: Ball
1-1: Ball
2-1: Reached on error, E5 (Groundball, 5S, EV 71.2 MPH)
Chris Trites scores
Toki Takeuchi to third
Pitching: RHP Bobby Servin
Batting: LHB Oke Monti Pickoff Throw to First - Out! 1-3
0-0: Ball
1-0: Foul Ball, location: 2F
1-1: Ball
2-1: Ground out 6-3 (Groundball, 6, EV 85.0 MPH)
Bottom of the 8th over - 1 run, 2 hits, 1 error, 1 left on base; Hartford 5 - Atlanta (MID) 6
TOP OF THE 9TH
Hartford Yard Goats batting - Pitching for Atlanta (MID) Braves : RHP Ioakim Mozgo
Pitching: LHP Justin Hawk
Now at 3B: Malik Boulay
Now in LF: George Provance
Batting: SHB Craig Ruzic 0-0: Ball
1-0: SINGLE (Line Drive, 6M, EV 99.4 MPH)
Batting: LHB Tom Bemis 0-0: Grounds into double play, 4-6-3 (Groundball, 3, EV 89.4 MPH)
Batting: SHB Ken Griffey IV 0-0: Ball
1-0: Ball
2-0: Called Strike
2-1: Foul Ball, location: 2F
2-2: Foul Ball, location: 2F
2-2: Foul Ball, location: 2F
2-2: Strikes out swinging
Top of the 9th over - 0 runs, 1 hit, 0 errors, 0 left on base; Hartford 5 - Atlanta (MID) 6
Tuesday, March 28th , 2023 - OOTP Baseball 23.10 Build 110